 Dungeon Crawl Stone Soup version 0.26-a0-778-g3fe0686644 (webtiles) character file.

Game seed: 3613834142396118954

669 lunkers the Digger (level 7, -1/41 HPs)
             Began as an Octopode Earth Elementalist on Nov 10, 2020.
             Killed by divine providence
             ... invoked by an orc priest
              (16 damage)
             ... on level 5 of the Dungeon.
             The game lasted 00:05:15 (3278 turns).

lunkers the Digger (Octopode Earth Elementalist)    Turns: 3278, Time: 00:05:16

Health: -1/41      AC:  1    Str:  8    XL:     7   Next: 58%
Magic:  9/13       EV: 13    Int: 19    God:
Gold:   288        SH:  4    Dex: 12    Spells: 8/14 levels left

rFire    . . .     SeeInvis .   y - +2 dagger (elec)
rCold    . . .     Faith    .   j - +0 buckler
rNeg     . . .     Spirit   .   (helmet restricted)
rPois    .         Reflect  .   k - amulet of regeneration
rElec    .         Harm     .   e - ring of resist corrosion
rCorr    +         Rampage  .   (no ring)
MR       .....                  (no ring)
Stlth    +++.......             (no ring)
HPRegen  0.53/turn              (no ring)
MPRegen  0.13/turn              (no ring)
                                (no ring)
                                (no ring)

@: no status effects
A: almost no armour, stealthy swim, amphibious, 8 rings, constrict 8, camouflage
1, gelatinous body 1
a: no special abilities


You were on level 5 of the Dungeon.
You visited 1 branch of the dungeon, and saw 5 of its levels.

You collected 288 gold pieces.

Inventory:

Hand Weapons
 y - a +2 dagger of electrocution (weapon)
Missiles
 b - 89 stones (quivered)
Armour
 j - a +0 buckler (worn)
Jewellery
 e - a ring of resist corrosion (left tentacle)
 k - an amulet of regeneration (around mantle)
 x - an uncursed ring of poison resistance
Wands
 w - a wand of iceblast (9)
 A - a wand of enslavement (11)
Scrolls
 c - 3 scrolls of enchant armour {unknown}
 d - 4 scrolls of amnesia {unknown}
 f - a scroll of fog {unknown}
 g - a scroll of blinking {unknown}
 n - 3 scrolls of identify {unknown}
 q - 6 scrolls of fear {unknown}
 r - 3 scrolls of remove curse {unknown}
 v - 2 scrolls of teleportation {unknown}
 z - a scroll of immolation {unknown}
Potions
 a - 2 potions of berserk rage {unknown}
 h - a potion of mutation {unknown}
 i - 2 potions of heal wounds {unknown}
 l - 3 potions of might {unknown}
 m - a potion of cancellation {unknown}
 o - a potion of curing {unknown}
 p - a potion of degeneration {unknown}
 s - a potion of ambrosia {unknown}
 t - 2 potions of haste
 u - a potion of attraction {unknown}


   Skills:
 - Level 2.0 Dodging
 - Level 2.6 Stealth
 + Level 3.4 Shields
 + Level 4.1 Spellcasting
 - Level 1.0 Transmutations
 * Level 6.5 Earth Magic


You had 8 spell levels left.
You knew the following spells:

 Your Spells              Type           Power        Failure   Level
a - Sandblast             Erth           ####..       1%          1
b - Passwall              Tmut/Erth      ###.....     4%          2
c - Stone Arrow           Conj/Erth      ###...       12%         3

Your spell library contained the following spells:

 Spells                   Type           Power        Failure   Level
 Animate Skeleton         Necr           #.....       14%         1
 Apportation              Tloc           #.....       14%         1
 Corona                   Hex            #......      14%         1
 Summon Small Mammal      Summ           #...         14%         1
 Lee's Rapid Deconstruct  Erth           ####......   26%         5
 Petrify                  Tmut/Erth      ###.....     30%         4


Dungeon Overview and Level Annotations

Branches:
Dungeon (5/15)
 Temple: D:4-7

Altars:
Hepliaklqana


Innate Abilities, Weirdness & Mutations

You cannot wear most types of armour.
You are very stealthy in the water. (Stealth+)
You are amphibious.
You can wear up to eight rings at the same time.
You can use your tentacles to constrict eight enemies at once.
Your skin changes colour to match your surroundings (Stealth+).
Your rubbery body absorbs attacks. (AC +1, EV +1)


Message History

b - 90 stones The orc priest hits you from afar with a +0 trident!
The orc priest invokes the aid of Beogh against you.
Beogh smites you! The orc misses you.
The orc priest invokes the aid of Beogh against you.
Beogh smites you!
* * * LOW HITPOINT WARNING * * *
There is an open door here.
Casting: Sandblast (safe; 1% risk of failure)
Confirm with . or Enter, or press ? or * to list all spells.
Aiming: Sandblast (safe; 1% risk of failure)
Press: ? - help, Shift-Dir - straight line, f - orc
Aim: an orc, wielding a +0 mace and wearing a +0 leather armour The blast of sand hits the orc but does no damage.
b - 89 stones You block the orc's attack.
The orc hits you with a +0 mace.
* * * LOW HITPOINT WARNING * * *
The orc priest calls down the wrath of Beogh upon you.
Beogh smites you!
You die...

.............#....#..#
###+#########'##....#<.#
...................##..#
...................#...#
...................#...#
......o............#...#
######'##'##+##########
.......oo#.....#
.......oo'@...)#
........##....##
........##....#
........'.....'..
###.....#.....#...
#...####.#### .. #...
#.# # ...


You could see an orc priest, an orc wizard and 3 orcs.

Vanquished Creatures
  A phantom (D:4)
  An ogre (D:4)
  A scorpion (D:4)
  A howler monkey (D:4)
  A bullfrog zombie (D:5)
  2 hounds (D:4)
  An orc priest (D:4)
  4 orc wizards (D:4)
  An iguana (D:4)
  Ijyb (D:4)
  A worker ant (D:4)
  6 adders
  2 oozes (D:1)
  4 worms
  A dart slug (D:4)
  2 leopard geckos
  10 orcs
  3 ball pythons
  4 giant cockroaches
  5 goblins (D:1)
  2 hobgoblins (D:3)
  3 bats (D:1)
  2 frilled lizards (D:2)
  4 kobolds
  6 rats
69 creatures vanquished.

Notes
Turn   | Place    | Note
-------+----------+-------------------------------------------
     0 | D:1      | lunkers the Octopode Earth Elementalist began the quest for
                  | the Orb.
     0 | D:1      | Reached XP level 1. HP: 11/11 MP: 3/3
   176 | D:1      | Reached XP level 2. HP: 5/17 MP: 0/5
   680 | D:1      | Reached XP level 3. HP: 21/21 MP: 2/6
  1112 | D:2      | Reached skill level 4 in Earth Magic
  1303 | D:2      | Learned a level 2 spell: Passwall
  1307 | D:2      | Learned a level 3 spell: Stone Arrow
  1473 | D:2      | Reached XP level 4. HP: 27/27 MP: 4/7
  1638 | D:2      | Found a faded altar of an unknown god.
  1910 | D:3      | Reached skill level 1 in Shields
  2261 | D:4      | Noticed an ogre
  2266 | D:4      | Killed an ogre
  2266 | D:4      | Reached skill level 5 in Earth Magic
  2266 | D:4      | Reached XP level 5. HP: 29/31 MP: 5/9
  2328 | D:4      | Reached XP level 6. HP: 12/36 MP: 1/11
  2337 | D:4      | Noticed Ijyb
  2423 | D:4      | Killed Ijyb
  2556 | D:4      | Found a hazy altar of Hepliaklqana.
  2711 | D:4      | Reached XP level 7. HP: 37/41 MP: 4/12
  2721 | D:4      | Reached skill level 6 in Earth Magic
  3186 | D:5      | Entered Level 5 of the Dungeon
  3278 | D:5      | Killed from afar by an orc priest

Illustrated notes

Levels and vault maps discovered:
D:1:      roderic_octagonal_star, layout_basic
D:2:      layout_basic, chequers_ecumenical_altar_grove
D:3:      layout_loops_ring, chequers_big_river
D:4:      layout_cave_pools, nicolae_overflow_crystal_walls, uniq_ijyb
D:5:      layout_gridville, serial_shops, shop, serial_bayou_crossing

Skill      XL: |  1  2  3  4  5  6  7 |
---------------+----------------------+-----
Earth Magic    | 4 5 6 |  6.5
Shields        | 1 2 3 |  3.4
Spellcasting   | 3 4 |  4.1
Dodging        | |  2.0
Stealth        | |  2.6
Transmutations | |  1.0

Action                   |  1- 3 |  4- 6 |  7- 9 || total
-------------------------+-------+-------+-------++-------
Melee: Unarmed           |    16 |    22 |     8 ||    46
       Constrict         |     6 |     5 |     4 ||    15
       Tentacles         |     2 |     5 |     6 ||    13
       Dagger            |       |       |    15 ||    15
 Cast: Sandblast         |    39 |    59 |    21 ||   119
Evoke: Wand              |       |     1 |       ||     1
 Stab: Distracted        |       |       |     1 ||     1
       Sleeping          |       |       |     1 ||     1
Armor: Skin              |     1 |       |     3 ||     4
Dodge: Dodged            |     8 |    26 |    14 ||    48
Block: Buckler           |     1 |     5 |     1 ||     7

Table legend: (Time is in decaauts)
 A = Elapsed time spent in this place.
 B = Non-inter-level travel time spent in this place.
 C = Inter-level travel time spent in this place.
 D = Time resting spent in this place.
 E = Time spent auto-exploring this place.
 F = Levels seen in this place.
 G = Mean time per level.
                   A        B        C        D        E       F      G
               +--------+--------+--------+--------+--------+-----+--------+
         Total |   3279 |   3212 |     67 |    177 |   2496 |   5 |  655.8 |
       Dungeon |   3279 |   3212 |     67 |    177 |   2496 |   5 |  655.8 |
               +--------+--------+--------+--------+--------+-----+--------+

Top non-repeatable levels by time:
     D:1: 1063 daAuts
     D:4: 822 daAuts
     D:3: 695 daAuts
     D:2: 607 daAuts
     D:5: 91 daAuts
